 Dungeon Crawl Stone Soup version 0.18.1-8-gdd0e5ea (webtiles) character file.

26 Namira the Grave Robber (level 3, 0/24 HPs)
             Began as a Human Necromancer on June 12, 2016.
             Slain by a hobgoblin (1 damage)
             ... on level 1 of the Dungeon.
             The game lasted 00:13:20 (1867 turns).

Namira the Grave Robber (Human Necromancer)         Turns: 1867, Time: 00:13:21

Health: 0/24       AC:  5    Str:  8    XL:     3   Next: 22%
Magic:  6/6        EV: 10    Int: 16    God:
Gold:   20         SH:  0    Dex: 13    Spells: 2 memorised, 4 levels left

rFire  . . .     SeeInvis .     (no weapon)
rCold  . . .     Gourm    .     d - +0 ring mail
rNeg   . . .     Faith    .     (no shield)
rPois  .         Spirit   .     (no helmet)
rElec  .         Dismiss  .     (no cloak)
rCorr  .         Reflect  .     (no gloves)
SustAt .         Harm     .     (no boots)
MR     .....                    (no amulet)
Stlth  +.........               (no ring)
                                (no ring)

@: not resistant to hostile enchantments, very unstealthy
A: no striking features
a: no special abilities


You were on level 1 of the Dungeon.
You were not hungry.

You visited 1 branch of the dungeon, and saw 2 of its levels.

You collected 20 gold pieces.

Inventory:

Hand Weapons
 g - a +1 dagger of speed
 k - a +0 dagger
 n - a +0 short sword
 o - a +0 dagger
Armour
 a - a +0 robe
 d - a +0 ring mail (worn)
Scrolls
 e - 2 scrolls of remove curse
Books
 b - a book of Necromancy

   Spells                             Type                      Level
   a - Pain                           Necromancy                   1
   b - Animate Skeleton               Necromancy                   1
   c - Vampiric Draining              Necromancy                   3
   d - Regeneration                   Charms/Necromancy            3
   e - Animate Dead                   Necromancy                   4
   f - Control Undead                 Necromancy                   4
Comestibles
 c - 2 bread rations
 f - 2 beef jerkies
 h - a meat ration


   Skills:
 + Level 0.8 Armour
 + Level 2.2 Dodging
 + Level 2.0 Stealth
 + Level 2.1 Spellcasting
 + Level 4.5 Necromancy


You had 4 spell levels left.
You knew the following spells:

 Your Spells              Type           Power        Failure   Level  Hunger
a - Pain                  Necr           ###.         12%         1    #......
b - Animate Skeleton      Necr           N/A          12%         1    #......


Dungeon Overview and Level Annotations

Branches:
Dungeon (2/15)

Altars:
Nemelex Xobeh


Message History

The bat barely misses you.
As you read the scroll labeled APORYP LEPTOX, it crumbles to dust.
You assume a fearsome visage.
The bat looks frightened!
The hobgoblin looks frightened!
It was a scroll of fear.
Casting: Pain
Confirm with . or Enter, or press ? or * to list all spells.
Aiming: Pain
Press: ? - help, Shift-Dir - straight line, f - hobgoblin
Aim: a hobgoblin (fleeing, inner flame, chance to defeat MR: 93%)
Your attack snaps the hobgoblin out of its fear.
The hobgoblin convulses in agony!
Cornered, the bat turns to fight!
Casting: Pain
Confirm with . or Enter, or press ? or * to list all spells.
Aiming: Pain
Press: ? - help, Shift-Dir - straight line, f/p - hobgoblin
Aim: a hobgoblin (moderately wounded, inner flame, chance to defeat MR: 93%)
The hobgoblin barely resists.
The hobgoblin barely misses you.
It was a potion of magic.
Magic courses through your body. The bat closely misses you.
The hobgoblin hits you.
You die...

#........# ###
#........# ..#
#........# ..#
#........# ..#
#........# ..#
########.# ..#
##########.#
..#######
#..........# #
..##....#
#.#.b@g.#### #
####....# #.#.....#
# #....# #.#.....# #
#....# #.#.....# #
####....####.#######
# .............####
###### #
...########.....##
#....# #
.................#
####....###
...########......#
#..........


You could see a hobgoblin (inner flame) and a bat (inner flame).

Vanquished Creatures
  2 oozes
  A giant gecko (D:1)
  2 giant cockroaches (D:1)
  4 goblins (D:1)
  A hobgoblin (D:1)
  2 jackals (D:1)
  A kobold (D:1)
  A rat (D:1)
14 creatures vanquished.

Vanquished Creatures (collateral kills)
  A hobgoblin (D:1)
  A rat (D:1)
2 creatures vanquished.

Grand Total: 16 creatures vanquished

Notes
Turn   | Place    | Note
--------------------------------------------------------------
     0 | D:1      | Namira the Human Necromancer began the quest for the Orb.
     0 | D:1      | Reached XP level 1. HP: 13/13 MP: 3/3
    12 | D:1      | Learned a level 1 spell: Animate Skeleton
   462 | D:1      | Reached XP level 2. HP: 16/19 MP: 0/5
  1176 | D:1      | Found a sparkling altar of Nemelex Xobeh.
  1431 | D:1      | Reached XP level 3. HP: 23/24 MP: 6/6
  1833 | D:1      | HP: 1/24 [hobgoblin (1)]
  1867 | D:1      | Slain by a hobgoblin

Action                   || total
-------------------------++-------
Melee: Unarmed           ||    54
 Cast: Pain              ||    26
       Animate Skeleton  ||     4
  Use: Potion            ||     2
       Scroll            ||     3
  Eat: Chunk             ||     3
Armor: Ring mail         ||    30
Dodge: Dodged            ||    58
